 Dungeon Crawl Stone Soup version 0.23.2 (webtiles) character file.

Game seed: 17560883199064339493

19725 Fang the Fighter (level 12, -5/120 HPs)
             Began as a Gargoyle Berserker on Apr 5, 2019.
             Was a High Priest of Trog.
             Slain by an entropy weaver (8 damage)
             ... on level 4 of the Lair of Beasts.
             The game lasted 00:21:21 (14310 turns).

Fang the Fighter (Gargoyle Berserker)              Turns: 14310, Time: 00:21:22

Health: -5/120     AC: 14    Str: 31    XL:     12   Next: 72%
Magic:  12/12      EV: 12    Int:  8    God:    Trog [*****.]
Gold:   650        SH:  0    Dex:  9    Spells: 11/11 levels left

rFire    . . .     SeeInvis .   D - +0 war axe (freeze)
rCold    + . .     Gourm    .   (no shield)
rNeg     + . .     Faith    .   d - +2 plate armour
rPois    ∞         Spirit   .   (no helmet)
rElec    +         Reflect  .   p - scarf {repulsion}
rCorr    .         Harm     .   (no gloves)
MR       .....                  (no boots)
Stlth    ..........             (no amulet)
HPRegen  0.30/turn              i - +2 ring of slaying
MPRegen  0.13/turn              k - ring of protection from cold

@: berserking, corroded, repel missiles, very quick
A: negative energy resistance 1, electricity resistance, unbreathing,
petrification resistance, rot immunity, AC +8
a: Berserk, Trog's Hand, Brothers in Arms, Renounce Religion


You were on level 4 of the Lair of Beasts.
You worshipped Trog.
Trog was extremely pleased with you.
You were very hungry.

You visited 3 branches of the dungeon, and saw 15 of its levels.

You collected 650 gold pieces.

Inventory:

Hand Weapons
 a - a +4 war axe
 D - a +0 war axe of freezing (weapon)
Armour
 d - a +2 plate armour (worn)
 j - a scarf of cloud immunity
 p - a scarf of repulsion (worn)
Jewellery
 i - a +2 ring of slaying (left hand)
 k - a ring of protection from cold (right hand)
 C - a cursed ring of resist corrosion {unknown}
Wands
 m - a wand of digging (21)
 r - a wand of enslavement (5)
 u - a wand of iceblast (8)
 v - a wand of flame (56)
 y - a wand of acid (9)
 B - a wand of polymorph (7)
Scrolls
 e - 7 scrolls of identify
 g - 6 scrolls of remove curse
 l - 4 scrolls of fear
 n - 2 scrolls of blinking
 w - a scroll of magic mapping
 z - a scroll of teleportation
Potions
 b - a potion of ambrosia
 f - 4 potions of curing
 h - a potion of lignification
 o - a potion of brilliance
 q - 2 potions of might
 s - 2 potions of haste
 t - a potion of agility
 x - 2 potions of heal wounds
Comestibles
 c - 29 rations


   Skills:
 + Level 11.7 Fighting
 + Level 10.0 Axes
 + Level 11.4 Armour
 + Level 9.0 Dodging


You had 11 spell levels left.
You didn't know any spells.
Your spell library was empty.

Dungeon Overview and Level Annotations

Branches:
Dungeon (10/15)            Temple (1/1) D:7            Lair (4/6) D:10
 Spider (0/4) Lair:4          Orc (0/2) D:10
  Swamp: Lair:2-4    Shoals: Lair:2-4

Altars:
Elyvilon
Fedhas
Gozag
Hepliaklqana
Kikubaaqudgha
Nemelex Xobeh
Okawaru
Qazlal
Xom
Zin

Shops:
D:8 [*

Annotations:
D:2 exclusion: oklob plant
Lair:2 exclusion: oklob plant


Innate Abilities, Weirdness & Mutations

You are resistant to torment.
Your stone body is resilient. (AC +8)
You are immune to poison.
You resist negative energy. (rN+)
You are resistant to electric shocks. (rElec)
You can survive without breathing.
You are immune to petrification.
You are immune to rotting.


Message History

The entropy weaver barely misses you.
The entropy weaver hits you but does no damage.
The entropy weaver hits you.
* * * LOW HITPOINT WARNING * * *
The entropy weaver hits you.
* * * LOW HITPOINT WARNING * * *
You slash the entropy weaver! You freeze the entropy weaver.
The entropy weaver is heavily wounded.
The entropy weaver hits you but does no damage. x2
The entropy weaver hits you.
* * * LOW HITPOINT WARNING * * *
The entropy weaver hits you!
* * * LOW HITPOINT WARNING * * *
You slash the entropy weaver! You freeze the entropy weaver!
The entropy weaver is severely wounded.
You hit the entropy weaver but do no damage.
The entropy weaver is severely wounded.
The entropy weaver hits you but does no damage. x2
The entropy weaver hits you!
You die...

............^...^^÷....# ##.
.........^.............# #>
>..............^.......# #.
...#..P#.###.[#...####.# #<
####.### #........##.## #.
#..#########....#.### ## ###.##.#
#####.....# # ###.#÷#.##
##P##..#.#+## #
#......######..a@.......#
.......##>..'.......^...# ###
#..........##...........## ##..
#.......#####............#####...
.......#.##.............##.##.#..
.................................
#####.####'...............##.##..
#.#≈≈≈#.............##.#.##..
###≈≈≈#.##...####'### ######.


You could see an entropy weaver.

Vanquished Creatures
  Harold (D:7)
  A two-headed ogre (D:8)
  Urug (Lair:2)
  Nergalle (Lair:3)
  2 unseen horrors (D:10)
  An orc knight (D:10)
  3 black mambas
  Joseph (D:7)
  A gargoyle (D:10)
  2 spiny frogs
  A queen bee (D:8)
  4 blink frogs (Lair:3)
  5 hippogriffs
  Grinder (D:6)
  A wraith (D:10)
  Sigmund (D:6)
  2 basilisks
  6 wyverns
  12 yaks
  2 hungry ghosts
  A vampire mosquito (Lair:2)
  3 insubstantial wisps (Lair:2)
  3 porcupines
  6 water moccasins
  3 ice beasts
  An orc warrior (D:9)
  A sky beast (D:5)
  A black bear (D:8)
  5 ogres
  2 phantoms (D:8)
  2 necrophages
  4 centaurs
  5 crocodiles
  3 big kobolds
  7 bullfrogs
  9 scorpions
  5 wights (D:9)
  25 killer bees
  A howler monkey (D:6)
  4 electric eels (Lair:3)
  5 jellies
  2 crimson imps
  A quasit (D:9)
  2 centaur zombies
  4 hounds
  9 orc wizards
  2 orc priests
  2 iguanas
  7 worker ants
  A hound zombie (D:8)
  A hound skeleton (D:7)
  2 worker ant zombies (D:6)
  Robin (D:2)
  13 adders
  13 gnolls
  5 shadow imps
  3 oozes
  2 adder zombies (D:5)
  3 adder skeletons
  2 worms
  2 leopard geckos
  36 orcs
  16 bats
  7 giant cockroaches
  17 goblins
  9 hobgoblins
  15 jackals
  2 quokkas
  A ball python (D:2)
  5 frilled lizards
  A jackal skeleton (D:5)
  22 kobolds
  A leopard gecko zombie (D:7)
  A quokka zombie (D:5)
  10 rats
  A fungus (Lair:3)
  A plant (Lair:2)
367 creatures vanquished.

Vanquished Creatures (collateral kills)
  2 hydras
2 creatures vanquished.

Vanquished Creatures (others)
  A vampire mosquito (Lair:2)
  An orc wizard (D:5)
  A bush (Lair:4)
  13 fungi
  12 plants
28 creatures vanquished.

Grand Total: 397 creatures vanquished

Notes
Turn   | Place    | Note
-------+----------+-------------------------------------------
     0 | D:1      | Fang the Gargoyle Berserker began the quest for the Orb.
     0 | D:1      | Reached XP level 1. HP: 14/14 MP: 1/1
   163 | D:1      | Reached XP level 2. HP: 13/19 MP: 2/2
   357 | D:1      | Reached XP level 3. HP: 23/23 MP: 3/3
   729 | D:2      | Noticed Robin
   743 | D:2      | Reached XP level 4. HP: 21/29 MP: 4/4
   747 | D:2      | Reached ** piety under Trog
   752 | D:2      | Killed Robin
  1077 | D:2      | Reached XP level 5. HP: 30/33 MP: 5/5
  1305 | D:2      | Found a blossoming altar of Fedhas.
  1321 | D:2      | Noticed an oklob plant
  1640 | D:3      | Found a stormy altar of Qazlal.
  2105 | D:4      | Reached XP level 6. HP: 39/39 MP: 6/6
  2196 | D:4      | Found an iron altar of Okawaru.
  2277 | D:4      | Reached *** piety under Trog
  2379 | D:4      | Reached skill level 5 in Fighting
  2379 | D:4      | Reached XP level 7. HP: 41/44 MP: 7/7
  2745 | D:5      | Entered Level 5 of the Dungeon
  2942 | D:5      | Reached skill level 5 in Armour
  2951 | D:5      | Reached XP level 8. HP: 7/51 MP: 8/8
  3540 | D:5      | Reached skill level 5 in Axes
  4182 | D:6      | Reached **** piety under Trog
  4333 | D:6      | Noticed Sigmund
  4349 | D:6      | Killed Sigmund
  4371 | D:6      | Noticed Grinder
  4393 | D:7      | Reached XP level 9. HP: 9/56 MP: 9/9
  4775 | D:6      | Paralysed by Grinder for 5 turns
  4783 | D:6      | Killed Grinder
  4783 | D:6      | Reached skill level 5 in Dodging
  4833 | D:6      | Paralysed by fainting for 10 turns
  5083 | D:7      | Found a staircase to the Ecumenical Temple.
  5096 | Temple   | Entered the Ecumenical Temple
  5183 | D:7      | Found a hazy altar of Hepliaklqana.
  5246 | D:7      | Noticed Joseph
  5264 | D:7      | Killed Joseph
  5745 | D:7      | Noticed Harold
  5771 | D:7      | Killed Harold
  5771 | D:7      | Reached XP level 10. HP: 21/65 MP: 10/10
  6620 | D:8      | Reached ***** piety under Trog
  6667 | D:8      | Found Moysihua's Changing Room.
  6775 | D:8      | Noticed a two-headed ogre
  6786 | D:8      | Killed a two-headed ogre
  7069 | D:8      | Reached XP level 11. HP: 46/71 MP: 11/11
  7289 | D:8      | Found a white marble altar of Elyvilon.
  7290 | D:8      | Found a sparkling altar of Nemelex Xobeh.
  7293 | D:8      | Found an ancient bone altar of Kikubaaqudgha.
  7293 | D:8      | Found an opulent altar of Gozag.
  7395 | D:8      | Found Reqyuq's Armour Emporium.
  7628 | D:8      | Found the +7 Singing Sword {slice, sonic wave}
  7752 | D:9      | Received a gift from Trog
  7977 | D:9      | Found a glowing silver altar of Zin.
  7977 | D:9      | Found a shimmering altar of Xom.
  7977 | D:9      | Noticed an angel
  8128 | D:9      | Reached skill level 10 in Fighting
  8730 | D:10     | Entered Level 10 of the Dungeon
  8808 | D:10     | Killed an unseen horror
  8890 | D:10     | Reached skill level 10 in Armour
  8982 | D:10     | Noticed an orc knight
  8995 | D:10     | Killed an orc knight
  9104 | D:10     | Found a staircase to the Orcish Mines.
  9120 | D:10     | Killed an unseen horror
  9584 | D:10     | Found a staircase to the Lair.
  9880 | Lair:1   | Entered Level 1 of the Lair of Beasts
 10198 | Lair:1   | Reached XP level 12. HP: 55/79 MP: 12/12
 10412 | Lair:1   | Found a dark tunnel.
 10903 | Lair:2   | Noticed Urug
 10922 | Lair:2   | Killed Urug
 11251 | Lair:2   | Received a gift from Trog
 12799 | Lair:3   | Noticed an eight-headed hydra
 12811 | Lair:3   | Killed a 12-headed hydra
 13168 | Lair:3   | Received a gift from Trog
 13206 | Lair:3   | Noticed Nergalle
 13221 | Lair:3   | Killed Nergalle
 14046 | Lair:4   | Reached skill level 10 in Axes
 14062 | Lair:4   | Found a hole to the Spider Nest.
 14062 | Lair:4   | Noticed a five-headed hydra
 14075 | Lair:4   | Killed an eight-headed hydra
 14285 | Lair:4   | Noticed an entropy weaver
 14308 | Lair:4   | HP: 3/120 [entropy weaver (10)]
 14310 | Lair:4   | Slain by an entropy weaver

Skill      XL: |  1  2  3  4  5  6  7  8  9 10 11 12 |
---------------+-------------------------------------+-----
Axes           | 3 4 5 7 8 9 10 | 10.0
Dodging        | 2 3 4 6 7 8 9 |  9.0
Armour         | 3 4 5 6 8 9 10 11 | 11.4
Fighting       | 4 5 6 8 9 10 11 | 11.7

Action                   |  1- 3 |  4- 6 |  7- 9 | 10-12 || total
-------------------------+-------+-------+-------+-------++-------
Melee: Hand axe          |   113 |   230 |   264 |       ||   607
       War axe           |       |       |    94 |   738 ||   832
Invok: Berserk           |       |     1 |     5 |     6 ||    12
       Trog's Hand       |       |       |       |     1 ||     1
       Brothers in Arms  |       |       |       |     2 ||     2
  Use: Potion            |       |       |     1 |     1 ||     2
       Scroll            |       |       |    12 |    11 ||    23
 Stab: Held in net/web   |       |       |       |     1 ||     1
  Eat: Chunk             |       |     6 |    13 |    20 ||    39
       Ration            |       |       |     1 |     5 ||     6
Armor: Plate armour      |   139 |   209 |   264 |   745 ||  1357
       Skin              |     1 |       |       |       ||     1
Dodge: Dodged            |    63 |    93 |   179 |   490 ||   825
       Deflected         |       |       |       |     6 ||     6
